 Dungeon Crawl Stone Soup version 0.23-a0-265-g9c2c487a97 (webtiles) character file.

295337 Mesh the Imperceptible (level 20, -1/108 HPs)
             Began as a Spriggan Enchanter on Sept 30, 2018.
             Was the Champion of Dithmenos.
             Slain by a hornet (5 damage)
             ... while paralysed by a hornet
             ... on level 3 of the Swamp.
             The game lasted 02:31:45 (51890 turns).

Mesh the Imperceptible (Spriggan Enchanter)        Turns: 51890, Time: 02:31:47

Health: -1/108     AC:  9    Str:  9    XL:     20   Next: 39%
Magic:  39/42      EV:  4    Int: 20    God:    Dithmenos [******]
Gold:   2372       SH:  0    Dex: 19    Spells: 16/54 levels left

rFire    . . .     SeeInvis +   i - +9 dagger (elec)
rCold    . . .     Gourm    .   j - +3 warlock's mirror {reflect}
rNeg     + . .     Faith    .   a - +2 robe {Archmagi}
rPois    .         Spirit   .   z - +2 hat {SInv}
rElec    .         Reflect  +   n - +2 cloak {MR+}
rCorr    .         Harm     .   (gloves unavailable)
MR       +++++                  (boots unavailable)
Stlth    ++++++++++             Z - +6 amulet of reflection
HPRegen  0.28/turn              k - ring of Quasebre {rN+ MR+ Int-2 Slay+5}
MPRegen  0.28/turn              C - +4 ring of intelligence

@: paralysed, lethally poisoned (-1 -> -14), very slightly contaminated, slowed,
wreathed by umbra, studying Shields, invisible, very quick
A: very small, unfitting armour, horns 1, see invisible, herbivore, speed 3,
mutation resistance 1, slow metabolism 2
}: 1/15 runes: gossamer
a: Shadow Step, Shadow Form, Renounce Religion


You were on level 3 of the Swamp.
You worshipped Dithmenos.
Dithmenos was exalted by your worship.
You were not hungry.

You visited 9 branches of the dungeon, and saw 39 of its levels.

You collected 6143 gold pieces.
You spent 3771 gold pieces at shops.

Inventory:

Hand Weapons
 i - a +9 dagger of electrocution (weapon)
 Y - a +1 rapier of venom
Armour
 a - a +2 robe of the Archmagi (worn)
 j - the +3 warlock's mirror (worn) {reflect}
   (You acquired it on level 1 of the Swamp)
 n - a +2 cloak of magic resistance (worn)
 z - a +2 hat of see invisible (worn)
 T - a scarf of cloud immunity
Jewellery
 k - the ring of Quasebre (left hand) {rN+ MR+ Int-2 Slay+5}
   (You found it on level 10 of the Dungeon)

   [ring of positive energy]

   It affects your intelligence (-2).
   It affects your accuracy and damage with ranged weapons and melee attacks
   (+5).
   It protects you from negative energy.
   It affects your resistance to hostile enchantments.
 C - a +4 ring of intelligence (right hand)
 I - an uncursed ring of protection from fire
 Z - a +6 amulet of reflection (around neck)
Wands
 q - a wand of digging (84)
 v - a wand of enslavement (18)
 D - a wand of disintegration (15)
 E - a wand of clouds (5)
 F - a wand of acid (22)
 M - a wand of iceblast (26)
 O - a wand of paralysis (12)
 P - a wand of scattershot (10)
Scrolls
 l - 24 scrolls of remove curse
 m - a scroll of magic mapping
 o - 5 scrolls of fog
 p - 8 scrolls of teleportation
 r - a scroll of summoning
 t - 4 scrolls of immolation
 w - 2 scrolls of holy word
 x - 7 scrolls of identify
 y - a scroll of blinking
 A - 6 scrolls of amnesia
 G - 2 scrolls of vulnerability
 J - 5 scrolls of fear
 R - 2 scrolls of enchant armour
 U - a scroll of silence
Potions
 e - 3 potions of might
 f - 3 potions of resistance
 g - 3 potions of agility
 h - 8 potions of curing
 s - 6 potions of flight
 u - 7 potions of heal wounds
 B - 2 potions of mutation
 H - 4 potions of haste
 K - 2 potions of cancellation
 N - a potion of magic
 S - 4 potions of ambrosia
 V - 3 potions of berserk rage
 W - 2 potions of brilliance
 X - 3 potions of invisibility
Books
 Q - a manual of Shields
Miscellaneous
 b - a sack of spiders
 c - a phantom mirror
Comestibles
 d - 24 rations


   Skills:
 - Level 12.7 Fighting
 - Level 14.0 Short Blades
 - Level 18.0 Dodging
 - Level 24.4 Stealth
 + Level 7.0 Shields
 - Level 17.6 Spellcasting
 - Level 19.0 Hexes
 - Level 8.0 Evocations


You had 16 spell levels left.
You knew the following spells:

 Your Spells              Type           Power        Failure   Level  Hunger
a - Ensorcelled Hibernat  Hex/Ice        ######       1%          2    None
b - Corona                Hex            #######      0%          1    None
c - Confuse               Hex            #######.     0%          3    None
d - Tukima's Dance        Hex            #######.     0%          3    None
e - Dazzling Spray        Conj/Hex       ######       1%          3    None
f - Spectral Weapon       Hex/Chrm       ######..     1%          3    None
g - Silence               Hex/Air        ######....   1%          5    ##.....
h - Invisibility          Hex            #######.     1%          6    ####...
i - Cause Fear            Hex            #######...   0%          4    None
j - Discord               Hex            #######...   9%          8    #######

Your spell library contained the following spells:

 Spells                   Type           Power        Failure   Level  Hunger
 Leda's Liquefaction      Hex/Erth       ######....   1%          4    None
 Yara's Violent Unravell  Hex/Tmut       ######....   1%          5    ##.....
 Animate Skeleton         Necr           N/A          3%          1    None
 Apportation              Tloc           ####..       3%          1    None
 Infusion                 Chrm           ####         3%          1    None
 Sting                    Conj/Pois      ####         3%          1    None
 Summon Butterflies       Summ           ####....     3%          1    None
 Call Imp                 Summ           ####....     4%          2    None
 Corpse Rot               Necr           N/A          4%          2    None
 Passwall                 Tmut/Erth      ####....     4%          2    None
 Poisonous Vapours        Pois/Air       ####..       4%          2    None
 Shroud of Golubria       Chrm/Tloc      ####......   4%          2    None
 Song of Slaying          Chrm           ####....     4%          2    None
 Sublimation of Blood     Necr           ####......   4%          2    None
 Call Canine Familiar     Summ           ####....     10%         3    None
 Conjure Flame            Conj/Fire      ####....     10%         3    None
 Ignite Poison            Fire/Tmut/Pois ####....     10%         3    None
 Lesser Beckoning         Tloc           ####......   10%         3    None
 Mephitic Cloud           Conj/Pois/Air  ####....     10%         3    None
 Regeneration             Chrm/Necr      ####......   10%         3    None
 Stone Arrow              Conj/Erth      ####..       10%         3    None
 Ice Form                 Ice/Tmut       ####....     32%         4    None
 Olgreb's Toxic Radiance  Pois           ####....     32%         4    None
 Petrify                  Tmut/Erth      ####....     32%         4    None
 Summon Ice Beast         Ice/Summ       ####....     32%         4    None
 Throw Icicle             Conj/Ice       ####....     32%         4    None
 Alistair's Intoxication  Tmut/Pois      ####....     65%         5    ##.....
 Borgnjor's Vile Clutch   Necr/Erth      ####......   65%         5    ##.....
 Excruciating Wounds      Chrm/Necr      ####......   65%         5    ##.....
 Fireball                 Conj/Fire      ####......   65%         5    ##.....
 Irradiate                Conj/Tmut      ####......   65%         5    ##.....
 Summon Forest            Summ/Tloc      ####......   65%         5    ##.....
 Venom Bolt               Conj/Pois      ####......   65%         5    ##.....
 Bolt of Fire             Conj/Fire      ####......   99%         6    ####...
 Deflect Missiles         Chrm/Air       ####......   99%         6    ####...
 Freezing Cloud           Conj/Ice/Air   ####......   99%         6    ####...
 Hydra Form               Tmut           ####......   99%         6    ####...
 Simulacrum               Ice/Necr       ####......   99%         6    ####...
 Statue Form              Tmut/Erth      ####.....    99%         6    ####...
 Dragon Form              Tmut           ####......   100%        7    ######.
 Ring of Flames           Chrm/Fire      ####......   100%        7    ######.
 Summon Hydra             Summ           ####......   100%        7    ######.
 Ignition                 Fire           ####......   100%        8    #######


Dungeon Overview and Level Annotations

Branches:
Dungeon (15/15)            Temple (1/1) D:4            Lair (6/6) D:9
  Swamp (3/4) Lair:2       Spider (4/4) Lair:3        Slime (0/5) Lair:5
    Orc (2/2) D:12            Elf (3/3) Orc:2        Vaults (4/5) D:14
  Crypt (0/3) Vaults:3     Depths (1/5) D:15

Altars:
Ashenzari
Cheibriados
Dithmenos
Elyvilon
Fedhas
Gozag
Hepliaklqana
Kikubaaqudgha
Makhleb
Nemelex Xobeh
Okawaru
Qazlal
Ru
Sif Muna
Trog
Uskayaw
Vehumet
Wu Jian
Xom
Yredelemnul
Zin
The Shining One
Beogh
Jiyva

Shops:
D:5 *}   D:7 %*!*   D:13 }?%(   D:15 *   Orc:2 (:[!!   Elf:2 }

Annotations:
D:5 2 transporters, feta's ghost, novice FoFi
Lair:5 2 transporters, 1 runed door, Xerofum's ghost, journeyman HOMo
Swamp:3 1 transporter


Innate Abilities, Weirdness & Mutations

You are very small and have problems with some larger weapons.
You are too small for most types of armour.
You have supernaturally acute eyesight. (SInv)
You are a herbivore.
You cover ground extremely quickly.
You need to consume almost no food.
You have a pair of small horns on your head.
You are somewhat resistant to further mutation.


Message History

The six-headed hydra bites you! The hornet stings you!
You emit a cloud of dark smoke.
You are poisoned.
You feel yourself slow down. The hornet stings you.
You feel as though you will be slow longer.
You feel sick. The hornet stings you.
You shrug off the repeated paralysis!
The hornet stings you!
* * * LOW HITPOINT WARNING * * *
You are more poisoned.
You feel as though you will be slow longer.
The six-headed hydra bites you but does no damage.
The six-headed hydra barely misses you. The six-headed hydra bites you!!
* * * LOW HITPOINT WARNING * * *
The six-headed hydra bites you but does no damage.
The six-headed hydra barely misses you. The six-headed hydra bites you.
* * * LOW HITPOINT WARNING * * *
The tyrant leech barely misses you.
* * * LOW HITPOINT WARNING * * *
You feel sick. The hornet stings you.
You die...

.≈....≈≈≈.♣♣<≈≈≈≈≈§ ≈.
♣≈(≈≈≈....♣.≈≈≈≈≈≈ ..♣♣
♣♣♣♣♣♣≈..≈≈..≈≈♣.≈≈≈≈≈≈
≈≈.$♣♣♣♣≈.≈≈.....≈....≈.......
≈≈n≈≈.♣.≈.....©.....♣≈≈≈≈...≈.
≈≈≈≈≈..≈..#########.....≈..≈..
≈≈≈ .).≈.##8.F...8##.......).≈
.≈≈♣♣)÷.#..yDw...©#.≈.♣♣...≈≈
♣..♣....#.§§@y....#.≈.♣♣≈≈.≈≈
♣♣..)≈.#.§§§§§...#.≈.♣♣≈.§≈≈
♣≈.≈≈≈.#..§§§§...#.≈.♣♣♣.≈≈≈
♣♣≈≈≈≈.#.........#.≈..≈♣.≈≈≈
♣♣♣.≈.#.........#.≈≈≈≈≈♣.≈≈
♣≈...#....$....#.≈≈≈[.♣.≈≈
♣§.≈(##8?!"?)8##.≈..♣♣♣≈.§
♣.≈≈..#########..≈≈≈♣
♣≈≈.♣..†..W.....≈≈≈.♣


You could see a six-headed hydra, a tyrant leech, a spiny frog (wandering) and 2
hornets.

Vanquished Creatures
  A tentacled monstrosity (Vaults:1)
  A deep elf blademaster (Elf:2)
  A thorn hunter (Swamp:3)
  Gastronok (D:8)
  Kirke (Lair:6)
  Donald (Elf:2)
  Roxanne (Spider:3)
  2 fire giants (Vaults:3)
  2 frost giants
  3 emperor scorpions
  2 orc warlords
  2 deep elf sorcerers
  5 ghost moths
  10 vault wardens
  12 ironheart preservers
  The ghost of P0WERM0DE the Champion of Chaos, a journeyman DDFi of Makhleb (Swamp:3)
  2 stone giants (Vaults:4)
  A very ugly thing (Swamp:2)
  2 entropy weavers
  A deep elf demonologist (Elf:1)
  The ghost of Idghatic the Thaumaturge, a journeyman GnAE of Vehumet (Lair:4)
  A deep elf annihilator (Vaults:1)
  3 spark wasps (Spider:4)
  An ettin (Depths:1)
  A crystal guardian (Vaults:3)
  The ghost of mrsnowman the Carver, a journeyman DrAE of Nemelex Xobeh (D:12)
  4 deep elf death magi
  Josephine (Lair:5)
  6 great orbs of eyes
  7 yaktaur captains
  4 fire dragons
  4 vault guards
  2 ghost crabs
  Erolcha (Orc:2)
  5 ice dragons
  3 catoblepae
  9 hydras
  2 rakshasas
  Erica (D:9)
  A two-headed ogre (shapeshifter) (Vaults:4)
  13 ogre magi
  27 two-headed ogres
  20 dancing weapons
  4 centaur warriors
  A death knight (Vaults:2)
  2 deep troll shamans
  2 deep troll earth magi
  2 vampire magi (Vaults:3)
  7 alligators
  A tengu warrior (D:15)
  A death yak (D:9)
  2 orc high priests
  16 deep elf knights
  A shadow wraith (Vaults:2)
  11 skeletal warriors
  4 unseen horrors
  8 wizards
  A flayed ghost (Vaults:1)
  9 deep trolls
  A spriggan druid (Swamp:3)
  4 swamp dragons
  A glowing orange brain (Vaults:4)
  5 ironbrand convokers
  6 orc knights
  12 orb spiders
  7 harpies
  62 deep elf magi
  10 deep elf archers
  A phantasmal warrior (Vaults:2)
  35 wolf spiders
  14 ugly things
  7 orc sorcerers (Orc:2)
  2 manticores
  A salamander (shapeshifter) (Vaults:3)
  9 cyclopes
  2 moths of wrath
  Maurice (D:9)
  11 elephants (Lair:6)
  A centaur zombie (D:14)
  7 black mambas
  13 vault sentinels
  2 gargoyles
  A spiny frog (shapeshifter) (Vaults:3)
  14 spiny frogs
  A black mamba (shapeshifter) (Vaults:3)
  2 efreet
  2 kobold demonologists (D:12)
  4 rime drakes
  16 yaktaurs
  2 yaktaurs (shapeshifter)
  A komodo dragon (shapeshifter) (Vaults:3)
  12 komodo dragons
  4 freezing wraiths
  11 demonic crawlers
  4 polar bears
  A meliai (shapeshifter) (Vaults:3)
  2 queen bees
  3 meliai (Spider:3)
  3 tengu conjurers
  A queen bee (shapeshifter) (D:13)
  7 trolls
  24 jumping spiders
  A wind drake (shapeshifter) (Vaults:4)
  18 hornets
  8 tyrant leeches
  11 blink frogs
  10 slime creatures
  11 hippogriffs
  8 dream sheep
  5 bog bodies
  A fire giant simulacrum (Vaults:3)
  A raiju (shapeshifter) (Vaults:3)
  A flying skull (Vaults:3)
  3 shadows
  4 wraiths
  20 spriggans
  23 tarantellas
  25 yaks
  25 redbacks
  2 air elementals (Elf:1)
  3 wyverns
  2 water elementals
  2 hogs (Lair:6)
  5 basilisks
  25 vampire mosquitoes
  A steam dragon (D:6)
  A fire elemental (Elf:2)
  8 swamp worms
  3 wargs (Orc:2)
  An acid dragon (D:15)
  2 soldier ants
  6 insubstantial wisps
  15 water moccasins
  13 porcupines
  34 orc warriors
  6 swamp drakes
  7 black bears
  An eye of draining (D:13)
  2 ice beasts (D:7)
  6 sky beasts
  17 boggarts
  3 phantoms
  25 wolves
  6 centaurs
  33 ogres
  16 crocodiles
  4 big kobolds
  3 earth elementals
  A wyvern zombie (D:11)
  20 bullfrogs
  2 scorpions
  A wyvern skeleton (D:11)
  32 killer bees
  7 wights
  7 electric eels
  6 howler monkeys
  2 lava snakes (D:13)
  3 crimson imps
  4 hounds
  A quasit (D:12)
  12 orc priests
  A jelly (D:9)
  Crazy Yiuf (D:7)
  40 orc wizards
  4 centaur skeletons
  An iguana (D:4)
  8 worker ants
  A hound zombie (D:6)
  9 gnolls
  12 adders
  3 shadow imps (D:7)
  An ooze (D:1)
  2 adder zombies
  An adder skeleton (D:8)
  4 worms
  3 dart slugs
  2 leopard geckos
  91 orcs
  A ball python (D:3)
  5 giant cockroaches
  9 goblins
  11 hobgoblins
  4 quokkas
  4 bats
  7 frilled lizards
  22 kobolds
  12 rats
  A fungus (Lair:6)
1356 creatures vanquished.

Vanquished Creatures (collateral kills)
  3 vault wardens (Vaults:4)
  3 ironheart preservers
  2 ogre magi
  4 vault guards (Vaults:4)
  10 two-headed ogres
  2 deep troll earth magi
  6 deep trolls
  A deep elf archer (Vaults:4)
  2 deep elf magi
  A wolf spider (Vaults:3)
  3 vault sentinels (Vaults:4)
  2 yaktaurs (Vaults:4)
  2 hornets (Swamp:3)
  A bog body (Swamp:3)
  2 spriggans (Swamp:3)
  4 vampire mosquitoes (Swamp:3)
  A warg (Vaults:4)
  3 orc warriors
  8 ogres
  An orc priest (Vaults:4)
  An orc wizard (Vaults:4)
  A gnoll (D:2)
  An orc (Vaults:4)
  A frilled lizard (D:2)
  A rat (D:2)
66 creatures vanquished.

Vanquished Creatures (others)
  An ettin (D:10)
  An ogre mage (D:10)
  A two-headed ogre (Vaults:3)
  A hornet (Swamp:3)
  A deep elf mage (Elf:2)
  A wolf spider (Vaults:4)
  A bog body (Swamp:3)
  A dancing weapon (D:5)
  An ogre (Vaults:3)
  An orc wizard (Orc:2)
  A shadow imp (D:15)
  2 ball lightnings (Lair:4)
  An orc (Vaults:2)
  5 fungi
  30 plants
49 creatures vanquished.

Grand Total: 1471 creatures vanquished

Notes
Turn   | Place    | Note
-------+----------+-------------------------------------------
     0 | D:1      | Mesh the Spriggan Enchanter began the quest for the Orb.
     0 | D:1      | Reached XP level 1. HP: 9/9 MP: 5/5
   125 | D:1      | Found a shattered altar of Ashenzari.
   340 | D:1      | Reached XP level 2. HP: 13/13 MP: 7/7
   344 | D:1      | Learned a level 2 spell: Ensorcelled Hibernation
  1041 | D:1      | Reached XP level 3. HP: 16/16 MP: 9/9
  1046 | D:1      | Learned a level 3 spell: Confuse
  1050 | D:1      | Learned a level 3 spell: Tukima's Dance
  1634 | D:2      | Reached XP level 4. HP: 21/21 MP: 1/11
  1671 | D:2      | Reached skill level 5 in Hexes
  1882 | D:2      | Found an ancient bone altar of Kikubaaqudgha.
  2044 | D:2      | Learned a level 3 spell: Dazzling Spray
  2369 | D:3      | Found a deep blue altar of Sif Muna.
  2369 | D:3      | Found a snail-covered altar of Cheibriados.
  2370 | D:3      | Found a basalt altar of Yredelemnul.
  2466 | D:3      | Reached XP level 5. HP: 24/24 MP: 13/13
  2505 | D:3      | Reached skill level 5 in Stealth
  2949 | D:3      | Found a sacrificial altar of Ru.
  2949 | D:3      | Found a burning altar of Makhleb.
  3029 | D:4      | Reached skill level 6 in Stealth
  3151 | D:4      | Reached skill level 7 in Stealth
  3153 | D:4      | Noticed a phantom
  3552 | D:4      | Found a staircase to the Ecumenical Temple.
  3555 | D:4      | Reached XP level 6. HP: 17/28 MP: 9/14
  3599 | Temple   | Entered the Ecumenical Temple
  3822 | Temple   | Became a worshipper of Dithmenos the Shadowed
  3899 | D:4      | Reached skill level 8 in Stealth
  4327 | D:5      | Entered Level 5 of the Dungeon
  4328 | D:5      | Noticed a sky beast
  4334 | D:5      | Killed a sky beast
  4334 | D:5      | Reached skill level 9 in Stealth
  4350 | D:5      | Found an iron altar of Okawaru.
  4350 | D:5      | Noticed an unseen horror
  4357 | D:5      | Killed an unseen horror
  4357 | D:5      | Reached skill level 12 in Stealth
  4357 | D:5      | Reached XP level 7. HP: 32/32 MP: 15/15
  4372 | D:5      | Found a transporter.
  4377 | D:5      | Found a transporter.
  4377 | D:5      | Noticed feta's ghost (novice FoFi)
  4393 | D:5      | Found Rimew's Gadget Emporium.
  4402 | D:5      | Reached XP level 8. HP: 36/36 MP: 9/16
  4461 | D:5      | Reached skill level 13 in Stealth
  5056 | D:5      | Found Pahats's Elemental Accessories.
  5075 | D:5      | Reached skill level 14 in Stealth
  5419 | D:6      | Reached skill level 15 in Stealth
  5733 | D:6      | Reached skill level 1 in Evocations
  5848 | D:6      | Reached skill level 5 in Spellcasting
  5851 | D:6      | Reached * piety under Dithmenos
  5851 | D:6      | Reached XP level 9. HP: 40/40 MP: 11/17
  6046 | D:6      | Reached skill level 1 in Fighting
  6475 | D:7      | Found Feeng's Distillery.
  6504 | D:7      | Bought a potion of degeneration for 13 gold pieces
  6504 | D:7      | Bought a potion of invisibility for 104 gold pieces
  6504 | D:7      | Bought a potion of agility for 52 gold pieces
  6504 | D:7      | Bought a potion of curing for 39 gold pieces
  6585 | D:7      | Found Yshroced's Food Shoppe.
  6669 | D:7      | Found Dylluux's Assorted Antiques.
  6692 | D:7      | Bought a dark potion for 27 gold pieces
  6709 | D:7      | Reached skill level 5 in Dodging
  6739 | D:7      | Found Eteh's Assorted Antiques.
  6748 | D:7      | Bought a grey potion for 19 gold pieces
  6748 | D:7      | Bought a scroll labeled IQANU JELUTH for 22 gold pieces
  6748 | D:7      | Bought a scroll of identify for 44 gold pieces
  6995 | D:7      | Found a runed door.
  6999 | D:7      | Noticed Crazy Yiuf
  7003 | D:7      | Killed Crazy Yiuf
  7043 | D:7      | Reached ** piety under Dithmenos
  7600 | D:7      | You fall through a shaft for 3 floors!
  7600 | D:10     | Entered Level 10 of the Dungeon
  7619 | D:9      | Noticed Erica
  7622 | D:9      | Killed Erica
  7622 | D:9      | Reached XP level 10. HP: 47/47 MP: 20/20
  7626 | D:9      | Found a staircase to the Lair.
  7626 | D:9      | Noticed a death yak
  7771 | D:9      | Found an opulent altar of Gozag.
  7843 | D:8      | Found a stormy altar of Qazlal.
  8037 | D:8      | Noticed Gastronok
  8056 | D:8      | Killed Gastronok
  8056 | D:8      | Reached skill level 16 in Stealth
  8056 | D:8      | Reached skill level 5 in Evocations
  8092 | D:8      | Found the +8 demon blade "Leech" {vamp, rN+ AC-3 EV-3}
  8949 | D:9      | Reached skill level 5 in Short Blades
  9124 | D:9      | Noticed Maurice
  9129 | D:9      | Killed Maurice
  9353 | D:9      | Killed a death yak
  9353 | D:9      | Reached XP level 11. HP: 53/53 MP: 19/23
  9659 | D:10     | Reached *** piety under Dithmenos
  9738 | D:10     | Found a runed door.
  9738 | D:10     | Noticed a deep troll
  9738 | D:10     | Noticed a deep troll earth mage
  9738 | D:10     | Noticed a yaktaur captain
  9740 | D:10     | Noticed a deep elf knight
  9740 | D:10     | Noticed an ettin
  9740 | D:10     | Noticed a yaktaur captain
  9740 | D:10     | Noticed an ogre mage
  9740 | D:10     | Noticed a deep elf mage
  9805 | D:10     | Noticed a two-headed ogre
  9812 | D:10     | Killed a two-headed ogre
 10057 | D:10     | Killed a deep troll
 10062 | D:10     | Killed an ettin
 10063 | D:10     | Killed an ogre mage
 10064 | D:10     | Killed a deep elf mage
 10065 | D:10     | Killed a deep troll earth mage
 10066 | D:10     | Killed a yaktaur captain
 10068 | D:10     | Killed a deep elf knight
 10072 | D:10     | Killed a yaktaur captain
 10386 | D:10     | Got a fine bronze ring
 10395 | D:10     | Identified the ring of Quasebre {rN+ MR+ Int-2 Slay+5} (You
                  | found it on level 10 of the Dungeon)
 11038 | D:11     | Noticed a brown ugly thing
 11053 | D:11     | Killed a brown ugly thing
 11444 | D:12     | Found a staircase to the Orcish Mines.
 11449 | D:12     | Reached skill level 17 in Stealth
 11664 | D:12     | Noticed a skeletal warrior
 11664 | D:12     | Noticed a skeletal warrior
 11664 | D:12     | Noticed a skeletal warrior
 11664 | D:12     | Noticed a skeletal warrior
 11664 | D:12     | Noticed a skeletal warrior
 11666 | D:12     | Killed a skeletal warrior
 11668 | D:12     | Killed a skeletal warrior
 11670 | D:12     | Killed a skeletal warrior
 11694 | D:11     | Killed a skeletal warrior
 11694 | D:11     | Reached skill level 5 in Fighting
 11850 | D:11     | Killed a skeletal warrior
 11850 | D:11     | Reached **** piety under Dithmenos
 11850 | D:11     | Reached XP level 12. HP: 60/60 MP: 9/25
 12150 | D:12     | Noticed a two-headed ogre
 12157 | D:12     | Killed a two-headed ogre
 12683 | D:12     | Reached skill level 10 in Dodging
 12715 | D:12     | Noticed a two-headed ogre
 12725 | D:12     | Killed a two-headed ogre
 12725 | D:12     | Reached skill level 10 in Hexes
 12817 | D:12     | Found a large runed door.
 12817 | D:12     | Found a large runed door.
 12820 | D:12     | Noticed mrsnowman's ghost (journeyman DrAE)
 12844 | D:12     | Killed mrsnowman's ghost
 13132 | D:13     | Noticed a frost giant
 13135 | D:13     | Killed a frost giant
 13266 | D:13     | Reached ***** piety under Dithmenos
 13458 | D:13     | Found Dal Tir's Gadget Shop.
 13463 | D:13     | Reached skill level 10 in Spellcasting
 13469 | D:13     | Found Aleu's Magic Scroll Shoppe.
 13504 | D:13     | Bought a scroll of blinking for 105 gold pieces
 13517 | D:13     | Found Vatudar's Weapon Boutique.
 13534 | D:13     | Found Ferr's Food Boutique.
 13960 | D:14     | Noticed a tengu warrior
 13961 | D:14     | Reached XP level 13. HP: 62/65 MP: 28/28
 14259 | D:14     | Found a gate to the Vaults.
 14259 | D:14     | Noticed a fire dragon
 14266 | D:14     | Reached skill level 18 in Stealth
 14492 | D:14     | Identified a scroll of acquirement
 14538 | D:14     | Identified the Papyrus of Sand
 14545 | D:14     | Identified the Catalogue of Dhcmrlchtdj
 14551 | D:14     | Learned a level 3 spell: Spectral Weapon
 14563 | D:14     | Identified Xikips's Catalogue of Plaster Cramp
 15213 | D:15     | Entered Level 15 of the Dungeon
 15468 | Lair:1   | Entered Level 1 of the Lair of Beasts
 16849 | Lair:2   | Found a staircase to the Swamp.
 16997 | Lair:2   | Reached ****** piety under Dithmenos
 17547 | Lair:2   | Got a clouded lapis lazuli ring
 17563 | Lair:2   | Identified the ring "Alick" {rCorr rPois MR+} (You found it
                  | on level 2 of the Lair of Beasts)
 18207 | Lair:3   | Reached XP level 14. HP: 61/72 MP: 15/30
 18229 | Lair:3   | Found a hole to the Spider Nest.
 18964 | Lair:4   | Found an ornate altar of the Wu Jian Council.
 19319 | Lair:4   | Found a large runed door.
 19319 | Lair:4   | Found a large runed door.
 19319 | Lair:4   | Noticed Idghatic's ghost (journeyman GnAE)
 19427 | Lair:4   | Reached skill level 19 in Stealth
 19826 | Lair:4   | Killed Idghatic's ghost
 20094 | Lair:5   | Found a transporter.
 20095 | Lair:5   | Noticed Xerofum's ghost (journeyman HOMo)
 20109 | Lair:5   | Found a transporter.
 20148 | Lair:5   | Noticed Josephine
 20160 | Lair:5   | Killed Josephine
 20455 | Lair:5   | Found a runed door.
 20455 | Lair:5   | Found a viscous altar of Jiyva.
 20455 | Lair:5   | Found a staircase to the Slime Pits.
 20455 | Lair:5   | Noticed an azure jelly
 20455 | Lair:5   | Noticed an azure jelly
 20652 | Lair:5   | Reached skill level 10 in Short Blades
 20898 | Lair:6   | Entered Level 6 of the Lair of Beasts
 20979 | Lair:6   | Noticed Kirke
 22588 | Lair:6   | Reached XP level 15. HP: 51/77 MP: 16/32
 23143 | Lair:6   | Killed Kirke
 23769 | Orc:1    | Entered Level 1 of the Orcish Mines
 24577 | Orc:1    | Noticed an orc warlord
 24580 | Orc:1    | Killed an orc warlord
 24686 | Orc:2    | Entered Level 2 of the Orcish Mines
 24686 | Orc:2    | Found Numnuul's Distillery.
 24712 | Orc:2    | Bought a potion of berserk rage for 85 gold pieces
 24712 | Orc:2    | Bought a potion of heal wounds for 85 gold pieces
 24712 | Orc:2    | Bought a potion of might for 68 gold pieces
 24712 | Orc:2    | Bought a potion of ambrosia for 136 gold pieces
 24712 | Orc:2    | Bought a potion of heal wounds for 85 gold pieces
 24712 | Orc:2    | Bought a potion of berserk rage for 85 gold pieces
 24712 | Orc:2    | Bought a potion of brilliance for 68 gold pieces
 24907 | Orc:2    | Found Etiem's Distillery.
 24908 | Orc:2    | Reached skill level 15 in Hexes
 25129 | Orc:2    | Found a staircase to the Elven Halls.
 25554 | Orc:2    | Noticed an orc warlord
 25562 | Orc:2    | Found a roughly hewn altar of Beogh.
 25574 | Orc:2    | Killed an orc warlord
 25989 | Orc:2    | Bought a potion of cancellation for 120 gold pieces
 25989 | Orc:2    | Bought a potion of agility for 60 gold pieces
 25989 | Orc:2    | Bought a potion of might for 60 gold pieces
 25989 | Orc:2    | Bought a potion of heal wounds for 75 gold pieces
 25989 | Orc:2    | Bought a potion of brilliance for 60 gold pieces
 25989 | Orc:2    | Bought a potion of curing for 45 gold pieces
 25989 | Orc:2    | Bought a potion of invisibility for 120 gold pieces
 25989 | Orc:2    | Bought a potion of curing for 45 gold pieces
 26003 | Orc:2    | Found a radiant altar of Vehumet.
 26025 | Orc:2    | Found Huotiuph's Antique Armour Emporium.
 26048 | Orc:2    | Found an ancient bone altar of Kikubaaqudgha.
 26109 | Orc:2    | Found Qokhlenamp's Book Emporium.
 26130 | Orc:2    | Noticed Erolcha
 26147 | Orc:2    | Killed Erolcha
 26216 | Orc:2    | Found a roughly hewn altar of Beogh.
 26229 | Orc:2    | Found Ysuota's Antique Weapon Shoppe.
 26238 | Orc:2    | Bought a runed rapier for 231 gold pieces
 26266 | Orc:2    | Bought a book of Enchantments for 800 gold pieces
 26266 | Orc:2    | Bought a book of Party Tricks for 800 gold pieces
 26273 | Orc:2    | Learned a level 6 spell: Invisibility
 26279 | Orc:2    | Learned a level 5 spell: Silence
 26284 | Orc:2    | Learned a level 4 spell: Cause Fear
 26293 | Orc:2    | Learned a level 8 spell: Discord
 26659 | Elf:1    | Entered Level 1 of the Elven Halls
 26719 | Elf:1    | Reached skill level 20 in Stealth
 27749 | Elf:1    | Noticed a deep elf sorcerer
 27755 | Elf:1    | Killed a deep elf sorcerer
 27759 | Elf:1    | Reached XP level 16. HP: 83/83 MP: 34/34
 28270 | Elf:1    | Identified the Collected Works on Slavery
 28825 | Elf:2    | Found a runed gate.
 28825 | Elf:2    | Found a runed gate.
 29271 | Elf:2    | Found a runed gate.
 29290 | Elf:2    | Found Ikij's Gadget Boutique.
 29688 | Elf:2    | Reached skill level 15 in Dodging
 30020 | Elf:2    | Noticed Donald
 30023 | Elf:2    | Killed Donald
 31007 | Elf:2    | Noticed a deep elf blademaster
 31016 | Elf:2    | Killed a deep elf blademaster
 31151 | Elf:3    | Entered Level 3 of the Elven Halls
 32094 | D:15     | Found a staircase to the Depths.
 32097 | D:15     | Reached skill level 21 in Stealth
 32209 | D:15     | Identified the Grimoire of Darkness and Poisoning
 32412 | D:15     | Reached XP level 17. HP: 88/88 MP: 35/35
 32867 | D:15     | Found Igifinas's Assorted Antiques.
 32870 | D:15     | Bought a scroll of enchant weapon for 217 gold pieces
 32870 | D:15     | Bought a scroll of magic mapping for 101 gold pieces
 33181 | Depths:1 | Entered Level 1 of the Depths
 33602 | Spider:1 | Entered Level 1 of the Spider Nest
 33650 | Spider:1 | Gained mutation: You have a pair of small horns on your
                  | head. [potion of mutation]
 33650 | Spider:1 | Gained mutation: You are somewhat resistant to further
                  | mutation. [potion of mutation]
 35890 | Spider:3 | Reached skill level 10 in Fighting
 36040 | Spider:3 | Noticed Roxanne
 36329 | Spider:3 | Killed Roxanne
 36893 | Spider:4 | Entered Level 4 of the Spider Nest
 38573 | Spider:4 | Reached XP level 18. HP: 95/95 MP: 33/37
 38586 | Spider:4 | Got a gossamer rune of Zot
 38993 | Vaults:1 | Entered Level 1 of the Vaults
 39068 | Vaults:1 | Noticed a tentacled monstrosity
 39071 | Vaults:1 | Killed a tentacled monstrosity
 39461 | Vaults:1 | Identified the amulet "Qetam" {Spirit rPois rC+ Str-4} (You
                  | found it on level 1 of the Vaults)
 39634 | Vaults:1 | Reached skill level 15 in Spellcasting
 39649 | Vaults:1 | Reached skill level 22 in Stealth
 43244 | Vaults:3 | Reached XP level 19. HP: 100/100 MP: 39/39
 44119 | Vaults:3 | Reached skill level 23 in Stealth
 44651 | Vaults:3 | Found a staircase to the Crypt.
 47603 | Vaults:4 | Reached skill level 24 in Stealth
 48185 | Vaults:4 | Reached XP level 20. HP: 103/107 MP: 39/42
 49093 | Swamp:1  | Entered Level 1 of the Swamp
 49311 | Swamp:1  | Found the +3 warlock's mirror {reflect}
 49370 | Swamp:1  | Reached skill level 1 in Shields
 50696 | Swamp:2  | Reached skill level 5 in Shields
 51501 | Swamp:3  | Found a transporter.
 51513 | Swamp:3  | Found a transporter.
 51515 | Swamp:3  | Noticed P0WERM0DE's ghost (journeyman DDFi)
 51879 | Swamp:3  | Killed P0WERM0DE's ghost
 51887 | Swamp:3  | Paralysed by a hornet for 3 turns
 51890 | Swamp:3  | HP: 4/108 [poisoned by a hornet]
 51890 | Swamp:3  | Slain by a hornet

Vault maps used:
D:1:      mrwooster_arrival_arrow, nicolae_ashenzari_panopticon
D:2:      lemuel_crystal_altar
D:3:      gammafunk_temple_overflow_elements, gammafunk_temple_overflow_claw,
          nrook_loot_triangle
D:4:      minmay_temple_entry_fiery
D:5:      okawaru_ov_weapons_minmay, gammafunk_ghost_mausoleum, first_ration,
          serial_shops, nicolae_shop_stone, nicolae_elemental_shop
D:7:      serial_shops, nicolae_shop_stone, shop_coins, shop,
          kennysheep_little_box, uniq_crazy_yiuf_cottage
D:8:      nicolae_qazlal_style_of_elements, uniq_gastronok
D:9:      nicolae_overflow_crystal_walls, david_lair_generic, uniq_maurice,
          uniq_erica
D:10:     minmay_gate_of_8
D:12:     david_orc_2, ebering_ghost_disaster_area
D:13:     serial_shops, nicolae_shop_statue_plus, shop,
          nicolae_shop_temple_entry_statues_fountains,
          nicolae_shop_window_shopping, david_nohive_1, kennysheep_island_fort
D:14:     lightli_vaults_fourway_checkpoint, nicolae_benzene_ring,
          bh_hangedman_babel_library
D:15:     grunt_enter_depths_snipers, serial_shops, nicolae_shop_behind_doors,
          nicolae_wwwww
Temple:   nicolae_temple_figure_eight
Lair:1:   kb_forest_paths
Lair:2:   dragon1_lemuel, minmay_swamp_entry_worms, grunt_megastairs_1
Lair:3:   spider_nest_entry_a
Lair:4:   basic_altar, ebering_ghost_disaster_area
Lair:5:   slime_altar_2, gammafunk_ghost_arena, uniq_josephine
Lair:6:   minmay_lair_end_enchanted_forest, uniq_kirke
Swamp:1:  hangedman_swamp_pad
Swamp:2:  evilmike_swamp_ruin_house_2
Swamp:3:  gammafunk_ghost_arena, evilmike_swamp_ruin_rubble_1, swamp_pool4,
          nicolae_swamp_godswood, nicolae_swamp_little_tower,
          infiniplex_staircase_pool_2
Spider:3: nicolae_looking_at_the_future, uniq_roxanne
Spider:4: spider_rune_water
Orc:1:    minmay_orc_barracks
Orc:2:    kennysheep_orc_mage_school, serial_shops, shop,
          nicolae_orc_lost_temple
Elf:1:    minmay_elf_arrival_plus, minmay_elf_demonology,
          serial_sigils_hangedman_quiver
Elf:2:    serial_shops, nicolae_shop_window_shopping, minivault_26,
          palyth_stone_intersect, chequers_big_river, uniq_donald
Elf:3:    grunt_elf_hall_branching, hangedman_elf_represent
Vaults:1: hangedman_vaults_stagger, hangedman_vaults_slice, v_misc_8,
          v_alt_pattern_4, ontoclasm_vaults_twist, hangedman_vaults_trim,
          st_diamondy, v_misc_17, ontoclasm_vaults_fault,
          nicolae_vaults_hallways_thing
Vaults:2: ontoclasm_vaults_claustrophobia, nicolae_vaults_network_square,
          grunt_vaults_focal, ontoclasm_vaults_loading_screen,
          hangedman_vaults_stretched_pinwheel, nicolae_vaults_asterisk,
          nicolae_vaults_three_branches, nicolae_vaults_little_ls,
          nicolae_vaults_windows_and_doors_thing
Vaults:3: st_lines, v_rooms_4, nicolae_vaults_big_ls, v_rooms_3,
          minmay_crypt_entry_simple_round, hangedman_vaults_restitches,
          nicolae_vaults_network_periphery, nicolae_vaults_little_squares_2,
          v_misc_19, vaults_standard_mumra_lines, nicolae_vaults_gold_heap
Vaults:4: nicolae_vaults_network_star, grunt_vaults_diagonal,
          vaults_room_ringed_pool, vaults_mumra_hex, ontoclasm_vaults_gateway,
          v_misc_23, nicolae_vaults_circle_grid_a, hangedman_vaults_slice,
          v_misc_15, vaults_room_hallway
Depths:1: minmay_misc_feat_rugged, hell_entry, wad_dig_loot,
          serial_bayou_shore_a, uniq_sojobo

Skill      XL: |  1  2  3  4  5  6  7  8  9 10 11 12 13 14 15 16 17 18 19 20 |
---------------+-------------------------------------------------------------+-----
Spellcasting   | 3 4 5 6 7 8 10 11 12 13 14 15 17 | 17.6
Hexes          | 4 5 6 8 9 11 12 14 15 17 18 19 | 19.0
Stealth        | 7 12 15 16 17 18 19 20 21 22 24 | 24.4
Evocations     | 1 4 6 8 |  8.0
Fighting       | 2 3 5 6 7 8 9 10 11 12 | 12.7
Short Blades   | 3 5 6 8 9 10 11 12 13 14 | 14.0
Dodging        | 6 7 9 10 12 13 14 15 16 17 18 | 18.0
Shields        | 7 |  7.0

Action                   |  1- 3 |  4- 6 |  7- 9 | 10-12 | 13-15 | 16-18 | 19-21 || total
-------------------------+-------+-------+-------+-------+-------+-------+-------++-------
Melee: Dagger            |   112 |    99 |   132 |   371 |   956 |   863 |   608 ||  3141
       Headbutt          |       |       |       |       |       |    88 |   104 ||   192
 Cast: Corona            |     5 |       |       |       |       |       |       ||     5
       Ensorcelled Hiber |    16 |    10 |    14 |    19 |    86 |    22 |     5 ||   172
       Confuse           |     1 |     4 |     4 |    31 |    46 |    38 |    38 ||   162
       Tukima's Dance    |     1 |       |     2 |     1 |     1 |       |       ||     5
       Dazzling Spray    |       |     2 |     3 |     6 |    59 |    17 |    13 ||   100
       Invisibility      |       |       |       |       |     4 |    26 |    11 ||    41
       Discord           |       |       |       |       |       |     1 |     7 ||     8
Invok: Shadow Step       |       |       |       |       |     6 |     6 |     6 ||    18
Evoke: Wand              |       |       |       |     3 |     6 |       |       ||     9
  Use: Scroll            |     7 |    10 |     6 |     6 |    13 |    10 |     2 ||    54
       Potion            |       |       |       |     7 |     8 |     4 |     2 ||    21
 Stab: Sleeping          |    16 |    15 |    30 |    69 |   169 |   162 |    78 ||   539
       Confused          |       |     2 |     2 |    17 |    23 |    18 |    27 ||    89
       Distracted        |       |     1 |       |     3 |     8 |     7 |     4 ||    23
       Invisible         |       |     1 |     4 |     7 |    27 |   130 |    33 ||   202
       Petrified         |       |       |       |       |     1 |       |       ||     1
  Eat: Ration            |       |     1 |     2 |     3 |     8 |    12 |     9 ||    35
Armor: Robe              |     9 |     3 |     5 |    10 |    32 |    28 |    16 ||   103
Dodge: Dodged            |    89 |    67 |    78 |   206 |   732 |   515 |   276 ||  1963
Block: Other             |       |       |       |       |       |    90 |    58 ||   148
       Reflection        |       |       |       |       |       |     1 |     2 ||     3
       Buckler           |       |       |       |       |       |       |    28 ||    28

Table legend:
 A = Non-vault XP
 B = Vault XP
 C = Vault XP percentage of total XP
 D = Non-vault monster count
 E = Vault monster count
 F = Vault count percentage of total count
                 A         B        C        D         E       F
            +---------+---------+-------+---------+---------+-------
      Total |  336336 |  182007 |  35.1 |    1052 |     377 |  26.4
            +---------+---------+-------+---------+---------+-------
        D:1 |      43 |       0 |   0.0 |      21 |       0 |   0.0
        D:2 |     137 |       0 |   0.0 |      39 |       0 |   0.0
        D:3 |      54 |       0 |   0.0 |      17 |       0 |   0.0
        D:4 |     275 |       0 |   0.0 |      10 |       0 |   0.0
        D:5 |    1429 |       0 |   0.0 |      14 |       0 |   0.0
        D:6 |    1130 |       0 |   0.0 |      17 |       0 |   0.0
        D:7 |    1719 |      41 |   2.3 |      37 |       1 |   2.6
        D:8 |     608 |    2063 |  77.2 |      14 |       1 |   6.7
        D:9 |     765 |    2927 |  79.3 |      11 |       6 |  35.3
       D:10 |    1679 |    3743 |  69.0 |      14 |       7 |  33.3
       D:11 |    3069 |       0 |   0.0 |      17 |       0 |   0.0
       D:12 |    8240 |    1247 |  13.1 |      35 |       7 |  16.7
       D:13 |    3323 |    3544 |  51.6 |      17 |      21 |  55.3
       D:14 |    5059 |    5374 |  51.5 |      24 |      11 |  31.4
       D:15 |   14692 |    5632 |  27.7 |      49 |       7 |  12.5
     Lair:1 |    4442 |    1510 |  25.4 |      20 |       8 |  28.6
     Lair:2 |    6843 |    2548 |  27.1 |      26 |       7 |  21.2
     Lair:3 |    6499 |     506 |   7.2 |      29 |       2 |   6.5
     Lair:4 |    9143 |    1309 |  12.5 |      38 |       1 |   2.6
     Lair:5 |    3450 |    1668 |  32.6 |      13 |       4 |  23.5
     Lair:6 |   12770 |   11502 |  47.4 |      33 |      51 |  60.7
    Swamp:1 |   12348 |       0 |   0.0 |      35 |       0 |   0.0
    Swamp:2 |   11632 |       0 |   0.0 |      25 |       0 |   0.0
    Swamp:3 |    6250 |    2730 |  30.4 |      24 |       3 |  11.1
   Spider:1 |   12854 |       0 |   0.0 |      32 |       0 |   0.0
   Spider:2 |    7986 |       0 |   0.0 |      22 |       0 |   0.0
   Spider:3 |    8354 |    3790 |  31.2 |      19 |      16 |  45.7
   Spider:4 |   12157 |   22668 |  65.1 |      30 |      38 |  55.9
      Orc:1 |    5417 |    2013 |  27.1 |      43 |      17 |  28.3
      Orc:2 |    6131 |    7526 |  55.1 |      38 |      34 |  47.2
      Elf:1 |   22890 |    7485 |  24.6 |      37 |      12 |  24.5
      Elf:2 |   13643 |   24435 |  64.2 |      25 |      28 |  52.8
      Elf:3 |    1533 |       0 |   0.0 |       2 |       0 |   0.0
   Vaults:1 |   24803 |   11966 |  32.5 |      36 |      17 |  32.1
   Vaults:2 |   31661 |    8728 |  21.6 |      56 |       8 |  12.5
   Vaults:3 |   27206 |   29361 |  51.9 |      47 |      44 |  48.4
   Vaults:4 |   42593 |   17691 |  29.3 |      82 |      26 |  24.1
   Depths:1 |    3509 |       0 |   0.0 |       4 |       0 |   0.0
            +---------+---------+-------+---------+---------+-------
